 Dungeon Crawl Stone Soup version 0.30-a0-1035-g38d5fb2972 (webtiles) character file.

Game seed: 114395954470560572

1 Arcadio the Slasher (level 1, 0/17 HPs)
             Began as a Barachi Reaver on Apr 8, 2023.
             Slain by a gnoll
             ... wielding a +0 spear
              (7 damage)
             ... on level 1 of the Dungeon.
             The game lasted 00:00:26 (22 turns).

Arcadio the Slasher (Barachi Reaver)                  Turns: 22, Time: 00:00:26

Health: 0/17       AC:  3    Str: 13    XL:     1   Next: 20%
Magic:  3/3        EV: 11    Int: 13    God:
Gold:   0          SH:  0    Dex: 10    Spells: 3/4 levels left

rFire   . . .      SeeInvis .    a - +0 falchion
rCold   . . .      Faith    .    (no shield)
rNeg    . . .      Spirit   .    b - +0 leather armour
rPois   .          Reflect  .    (no helmet)
rElec   .          Rampage  .    (no cloak)
rCorr   .                        (no gloves)
Will    .....                    (no boots)
Stlth   +                        (no amulet)
HPRegen 0.22/turn                (no ring)
MPRegen 0.08/turn                (no ring)

@: slow
A: amphibious, slowness 1, strong legs 1, +LOS
a: Hop


You were on level 1 of the Dungeon.
You visited 1 branch of the dungeon, and saw 1 of its levels.

Inventory:

Hand Weapons
 a - a +0 falchion (weapon)
Armour
 b - a +0 leather armour (worn)


   Skills:
 + Level 2.4 Fighting
 + Level 3.6 Long Blades
 + Level 0.1 Armour
 - Level 2.1 Dodging
 - Level 2.1 Spellcasting
 - Level 3.2 Conjurations


You had 3 spell levels left.
You knew the following spells:

 Your Spells              Type           Power      Damage    Failure   Level
a - Kiss of Death         Conj/Necr      20%        2d7       16%         1

Your spell library contained the following spells:

 Spells                   Type           Power      Damage    Failure   Level
 Momentum Strike          Conj/Tloc      10%        3d8       24%         2
 Hailstorm                Conj/Ice       5%         3d4       43%         3


Dungeon Overview and Level Annotations

Branches:
Dungeon (1/15) Zot: 5973

Altars:


Innate Abilities, Weirdness & Mutations

You are amphibious.
You cover ground slowly.
You can hop short distances.
You have an extended range of vision and can be seen from far away.


Message History

The frilled lizard closely misses you.
The quokka bites the bush but does no damage.
The frilled lizard misses you.
You barely miss the frilled lizard.
The quokka bites the bush.
The frilled lizard barely misses you.
The quokka bites the bush but does no damage.
You hit the frilled lizard.
You kill the frilled lizard!
The quokka bites the bush but does no damage.
A hobgoblin comes into view.
You barely miss the kobold.
The hobgoblin shouts!
The quokka bites the bush but does no damage.
The kobold hits you with a +0 dagger.
The quokka bites the bush but does no damage.
You closely miss the kobold.
The quokka bites the bush but does no damage.
The kobold closely misses you.
You closely miss the kobold.
The quokka bites the bush but does no damage.
The kobold hits you with a +0 dagger.
You closely miss the kobold.
The quokka bites the bush but does no damage.
The kobold hits you with a +0 dagger.
The quokka bites the bush.
You hit the kobold.
The kobold is severely wounded.
The kobold closely misses you.
The quokka bites the bush but does no damage.
You hit the kobold.
You kill the kobold!
The quokka bites the bush but does no damage.
The hobgoblin barely misses you.
You hit the hobgoblin but do no damage.
The quokka bites the bush but does no damage.
The gnoll completely misses you.
The quokka bites the bush but does no damage.
The hobgoblin hits you.
You closely miss the hobgoblin.
The gnoll hits you from afar with a +0 spear!
You die...

############
#~~~≈≈≈≈~~~#
###~8~~≈≈~~8~###
...~~8~~~~8~~..####
...≈~~####~~≈.....
...§≈~#..'~≈§..# P
...§≈~#<.'~≈≈.g####P.P
...§~~####~~≈JKg@..PrP
.>.~~8~~~~8~~Jr####P...P
...~8~~≈≈~~8~###


P.P ...~~~≈≈≈≈~~~.. #######........K. #.........J... #......?.....J.
#...........g.. #.............. You could see a gnoll, 2 endoplasms, a quokka, a
hobgoblin, a kobold and a rat.

Vanquished Creatures
  A frilled lizard (D:1)
  A kobold (D:1)
2 creatures vanquished.

Notes
Turn   | Place    | Note
-------+----------+-------------------------------------------
     0 | D:1      | Arcadio the Barachi Reaver began the quest for the Orb.
     0 | D:1      | Reached XP level 1. HP: 17/17 MP: 3/3
    22 | D:1      | Slain by a gnoll

Illustrated notes

Levels and vault maps discovered:
D:1:      lightli_arrival_boilingwater, layout_rooms, minmay_hedge_maze,
          minmay_door_square, hangedman_decor_push, minmay_misc_feat_square

Action                     || total
---------------------------++-------
  Melee: Falchion          ||    13
 Armour: Leather armour    ||     2
  Dodge: Dodged            ||    11

Table legend: (Time is in decaauts)
 A = Elapsed time spent in this place.
 B = Non-inter-level travel time spent in this place.
 C = Inter-level travel time spent in this place.
 D = Time resting spent in this place.
 E = Time spent auto-exploring this place.
 F = Levels seen in this place.
 G = Mean time per level.
                   A        B        C        D        E       F      G
               +--------+--------+--------+--------+--------+-----+--------+
         Total |     25 |     25 |      0 |      0 |      1 |   1 |   25.0 |
       Dungeon |     25 |     25 |      0 |      0 |      1 |   1 |   25.0 |
               +--------+--------+--------+--------+--------+-----+--------+

Top non-repeatable levels by time:
     D:1: 25 daAuts
